 Dungeon Crawl Stone Soup version 0.14.1-1-g650416f (webtiles) character file.

5499 Indrah22 the Covert (level 10, 0/49 HPs)
             Began as a Spriggan Artificer on May 12, 2014.
             Was an Elder of Vehumet.
             Slain by a spiny frog (21 damage)
             ... on Level 1 of the Lair of Beasts.
             The game lasted 01:28:36 (12781 turns).

Indrah22 the Covert (Spriggan Artificer)           Turns: 12781, Time: 01:28:36

HP   0/49        AC  3     Str 13      XL: 10   Next: 28%
MP  26/28        EV 23     Int 16      God: Vehumet [****..]
Gold 553         SH  0     Dex 18      Spells:  4 memorised, 13 levels left

rFire  . . .     SeeInvis +     n - +0,+2 dagger (venom) (curse)
rCold  . . .     Clarity  .     y - +0 robe
rNeg   . . .     Conserve .     (shield restricted)
rPois  .         rCorr    +     (helmet restricted)
rElec  .         rRot     .     F - +0 cloak
SustAb + .       Spirit   .     (gloves unavailable)
rMut   .         Warding  .     (boots unavailable)
Saprov . . .     Stasis   .     h - amulet of resist corrosion
MR     +....                    u - +1 ring of dexterity
                                l - ring of sustain abilities

@: mighty, lethally poisoned, very quick, somewhat resistant to hostile
enchantments, extremely stealthy
A: unfitting armour, see invisible, herbivore 3, speed 3, slow metabolism 2
a: Renounce Religion


You were on level 1 of the Lair of Beasts.
You worshipped Vehumet.
Vehumet was greatly pleased with you.
You were not hungry.

You visited 2 branches of the dungeon, and saw 9 of its levels.
You also visited: Sewer.

You collected 553 gold pieces.

Inventory:

Hand weapons
 n - a cursed +0,+2 dagger of venom (weapon)
 q - a +0 blowgun
 s - a +1,+2 dagger of venom
 B - a +1,+2 whip of venom
 N - the -2,+1 falchion of False Accusations {venom, rPois rF+ MR+}
   (You found it on level 6 of the Dungeon)

   It poisons the flesh of those it strikes.
   It protects you from fire.
   It protects you from poison.
   It affects your resistance to hostile enchantments.
 Q - a +1,+0 cutlass of venom
Missiles
 j - 24 sling bullets
 v - 17 darts of flame (quivered)
 w - 8 poisoned darts
 C - 19 poisoned needles
 O - 3 needles of confusion
Armour
 y - a +0 robe (worn)
 F - a +0 cloak (worn)
 W - the cursed -5 robe of Cli Soba {Str+3 Dex+2 SInv, unknown}
   (You took it off a kobold on level 8 of the Dungeon)

   It affects your strength (+3).
   It affects your dexterity (+2).
   It enhances your eyesight.
   It has a curse placed upon it.
Magical devices
 b - a wand of flame (3)
 c - a wand of enslavement (0)
 d - a wand of random effects (0)
 J - a wand of disintegration (7)
 S - a wand of flame (10)
 U - a wand of disintegration (17)
Comestibles
 x - 5 bread rations
 R - a pear
Scrolls
 a - a scroll of summoning {unknown}
 g - 2 scrolls of enchant armour {unknown}
 k - a scroll of fear {unknown}
 m - 2 scrolls of blinking
 o - 2 scrolls of recharging
 t - 3 scrolls of teleportation
 z - a scroll of magic mapping {unknown}
 A - a scroll of immolation {unknown}
 L - 3 scrolls of amnesia
Jewellery
 h - an amulet of resist corrosion (around neck)
 l - a ring of sustain abilities (left hand)
 u - a +1 ring of dexterity (right hand)
 G - an uncursed ring of magical power
 M - an uncursed amulet of warding {unknown}
 P - an uncursed ring of hunger {unknown}
Potions
 e - 4 potions of brilliance {unknown}
 f - a potion of porridge
 p - a potion of poison {unknown}
 r - 2 potions of mutation {unknown}
 E - 3 potions of flight
 I - 2 potions of invisibility {unknown}
 K - a potion of might
 T - a potion of berserk rage {unknown}
 V - a potion of heal wounds
 X - a potion of magic {unknown}
Books
 i - a book of the Dragon

   Spells                             Type                      Level
   Flight                             Charms/Air                   3
   Cause Fear                         Hexes                        4
   Bolt of Fire                       Conjuration/Fire             6
   Dragon Form                        Transmutation                7
   Dragon's Call                      Summoning                    9
 D - a book of Hinderance

   Spells                             Type                      Level
   *Confusing Touch                   Hexes                        1
   Confuse                            Hexes                        3
   Petrify                            Transmutation/Earth          4
   Leda's Liquefaction                Hexes/Earth                  4
   Metabolic Englaciation             Hexes/Ice                    5
   Summon Mana Viper                  Hexes/Summoning              5


   Skills:
 - Level 4.0 Fighting
 + Level 4.0 Short Blades
 - Level 2.1 Throwing
 - Level 6.9 Dodging
 - Level 10.3 Stealth
 - Level 6.2 Spellcasting
 - Level 2.3 Conjurations
 - Level 3.9 Hexes
 - Level 4.2 Fire Magic
 - Level 5.4 Poison Magic
 - Level 6.3 Evocations


You had 13 spell levels left.
You knew the following spells:

 Your Spells              Type           Power        Failure   Level  Hunger
a - Sting                 Conj/Pois      ###.         1%          1    None
b - Confusing Touch       Hex            ###.......   2%          1    None
c - Throw Flame           Conj/Fire      ###...       2%          2    None
d - Olgreb's Toxic Radia  Pois           ###.....     4%          4    ####...


Dungeon Overview and Level Annotations

Branches:
Dungeon (8/15)             Temple (0/1) D:5            Lair (1/8) D:8

Altars:
Cheibriados
Elyvilon
Fedhas
Kikubaaqudgha
Makhleb
Trog
Vehumet
Yredelemnul
Zin

Annotations:
Lair:1 exclusion: hydra


Innate Abilities, Weirdness & Mutations

You are tiny and cannot use many weapons and most armour.
You have supernaturally acute eyesight.
You are a herbivore.
You cover ground extremely quickly.
You need consume almost no food.


Message History

Drink which item? (? for menu, Esc to quit)
You feel very mighty all of a sudden.
You hit the spiny frog.
The spiny frog is heavily wounded.
The spiny frog stings you!
You are poisoned.
The spiny frog poisons you!
You barely miss the spiny frog.
The spiny frog is heavily wounded.
You feel sick. The spiny frog misses you.
You puncture the spiny frog!
The spiny frog is severely wounded.
You feel sick. The spiny frog misses you.
You hit the spiny frog but do no damage.
The spiny frog is severely wounded.
You feel sick. The spiny frog completely misses you.
You slash the spiny frog!
The spiny frog is almost dead.
The spiny frog stings you!
You die...

#.............####%....
#..............##......
#<..............#......
##......#####.......#..
#......## ##.....#...
##....### #.....##..
#P...%..## ##.....#..
##.....F.#### ##....... #
##%....@..#P####f.......
#.##...........#.##..%.....
#..............###........
###.............##........
##f.......)...........>.
##.....................
#.....................
#.............%.......
#.......[............#


You could see a spiny frog.

Vanquished Creatures
  Pikel (D:4)
  A komodo dragon (D:8)
  Prince Ribbit (D:5)
  A hungry ghost (D:7)
  Eustachio (D:7)
  2 hill giant skeletons (D:8)
  Edmund (D:4)
  A water moccasin (Lair:1)
  2 orc warriors
  2 slaves (D:4)
  8 ogres
  An ice beast (D:6)
  5 centaurs
  A giant slug (Lair:1)
  A big kobold (D:8)
  Blork the orc (D:6)
  2 gnoll sergeants (D:8)
  3 giant frogs
  6 killer bees (D:7)
  A scorpion (D:4)
  4 wights (D:8)
  2 crimson imps (D:5)
  A big fish (D:4)
  4 hounds
  3 iguanas
  A quasit (D:6)
  Natasha (D:3)
  2 worker ants
  6 orc wizards
  Terence (D:3)
  A mummy (D:7)
  A worker ant zombie (D:5)
  9 adders
  14 gnolls
  A shadow imp (D:7)
  A giant mite (D:5)
  4 worms
  11 giant geckos
  4 oozes (Sewer)
  17 orcs
  3 ball pythons (Sewer)
  6 giant cockroaches
  7 hobgoblins
  15 jackals
  16 kobolds
  7 quokkas
  23 bats
  9 giant newts
  2 giant spores (D:7)
  14 goblins
  A hobgoblin skeleton (D:5)
  13 rats
  A spectral orc (D:5)
  5 ballistomycetes (D:7)
252 creatures vanquished.

Vanquished Creatures (collateral kills)
  A phantom (D:3)
  Dowan (D:4)
  2 orc priests (D:7)
  A worker ant (D:5)
  A kobold (D:3)
  A gnoll (D:6)
  An orc (D:7)
  A goblin (D:7)
  A giant newt (D:5)
  A rat (D:7)
11 creatures vanquished.

Vanquished Creatures (others)
  Duvessa (D:4)
  2 plants (D:8)
3 creatures vanquished.

Grand Total: 266 creatures vanquished

Notes
Turn   | Place    | Note
--------------------------------------------------------------
     0 | D:1      | Indrah22, the Spriggan Artificer, began the quest for the Orb.
     0 | D:1      | Reached XP level 1. HP: 9/9 MP: 2/2
   444 | D:1      | Reached XP level 2. HP: 9/14 MP: 5/5
  1215 | D:2      | Reached XP level 3. HP: 14/17 MP: 8/8
  1579 | D:2      | Found a white marble altar of Elyvilon.
  1579 | D:2      | Found a radiant altar of Vehumet.
  1580 | D:2      | Found a snail-covered altar of Cheibriados.
  1606 | D:2      | Became a worshipper of Vehumet
  2013 | D:3      | Noticed a phantom
  2194 | D:3      | Reached XP level 4. HP: 18/21 MP: 10/10
  2366 | D:3      | Killed a phantom
  2366 | D:3      | Reached skill level 5 in Stealth
  2366 | D:3      | Reached XP level 5. HP: 25/25 MP: 13/13
  2401 | D:3      | Reached skill level 1 in Throwing
  2515 | D:3      | Acquired Vehumet's first power
  2515 | D:3      | Offered knowledge of Sting by Vehumet.
  2518 | D:3      | Learned a level 1 spell: Sting
  2535 | D:3      | Noticed Terence
  2559 | D:3      | Killed Terence
  2793 | D:3      | Reached skill level 1 in Poison Magic
  2843 | D:3      | Noticed Natasha
  2881 | D:3      | Killed Natasha
  3084 | D:4      | Noticed Edmund
  3092 | D:4      | Killed Edmund
  3092 | D:4      | Reached XP level 6. HP: 18/29 MP: 16/16
  3180 | D:4      | Reached skill level 1 in Spellcasting
  3210 | D:4      | Noticed an ogre
  3381 | D:4      | Noticed a slave
  3381 | D:4      | Noticed a slave
  3381 | D:4      | Noticed a slave
  3383 | D:4      | Killed a slave
  3384 | D:4      | Noticed Pikel
  3389 | D:4      | Found a glowing drain.
  3413 | D:4      | Noticed a slave
  3429 | D:4      | a slave (ally) was killed
  3448 | D:4      | Killed Pikel
  3448 | D:4      | Reached skill level 5 in Spellcasting
  3448 | D:4      | Reached XP level 7. HP: 23/32 MP: 21/23
  3475 | D:4      | Reached skill level 6 in Spellcasting
  3486 | Sewer    | Entered a sewer
  3662 | Sewer    | Offered knowledge of Throw Flame by Vehumet.
  3706 | Sewer    | Learned a level 1 spell: Confusing Touch
  4277 | D:4      | Noticed Duvessa
  4277 | D:4      | Noticed Dowan
  4288 | D:4      | Killed Dowan
  4288 | D:4      | Reached skill level 1 in Conjurations
  4355 | D:4      | Killed Duvessa
  4524 | D:4      | Killed an ogre
  4528 | D:4      | Learned a level 2 spell: Throw Flame
  4768 | D:5      | Entered Level 5 of the Dungeon
  4804 | D:5      | Noticed Prince Ribbit
  5069 | D:5      | Reached skill level 1 in Hexes
  5456 | D:5      | Reached XP level 8. HP: 18/37 MP: 25/25
  5958 | D:6      | Got a jewelled falchion
  5981 | D:6      | Identified the cursed -2,+1 falchion of False Accusations {venom, rPois rF+ MR+} (You found it on level 6 of the Dungeon)
  5988 | D:6      | Found a bloodstained altar of Trog.
  6370 | D:6      | Reached skill level 5 in Dodging
  6585 | D:6      | Found a blossoming altar of Fedhas.
  6610 | D:6      | Found a glowing silver altar of Zin.
  6684 | D:6      | Noticed Blork the orc
  6720 | D:6      | Killed Blork the orc
  7090 | D:6      | Reached skill level 1 in Fighting
  7465 | D:6      | Offered knowledge of Throw Frost by Vehumet.
  7746 | D:5      | Found a staircase to the Ecumenical Temple.
  7901 | D:5      | Reached XP level 9. HP: 43/45 MP: 27/27
  7956 | D:5      | Found a basalt altar of Yredelemnul.
  8021 | D:5      | Acquired Vehumet's second power
  8127 | D:5      | Killed Prince Ribbit
  8571 | D:7      | Noticed Eustachio
  8592 | D:7      | Killed Eustachio
  9365 | D:7      | Offered knowledge of Inner Flame by Vehumet.
  9447 | D:7      | Reached skill level 7 in Stealth
  9819 | D:7      | Reached skill level 8 in Stealth
 10239 | D:7      | Reached skill level 9 in Stealth
 11010 | D:8      | Found an ancient bone altar of Kikubaaqudgha.
 11011 | D:8      | Found a burning altar of Makhleb.
 11055 | D:8      | Reached skill level 10 in Stealth
 11166 | D:8      | Acquired Vehumet's third power
 11188 | D:8      | Reached skill level 5 in Evocations
 11392 | D:8      | Reached XP level 10. HP: 49/49 MP: 28/28
 12001 | D:8      | Offered knowledge of Olgreb's Toxic Radiance by Vehumet.
 12008 | D:8      | Learned a level 4 spell: Olgreb's Toxic Radiance
 12250 | D:8      | Got a fine robe
 12303 | D:8      | Found a staircase to the Lair.
 12434 | Lair:1   | Entered Level 1 of the Lair of Beasts
 12518 | Lair:1   | Noticed a four-headed hydra
 12553 | Lair:1   | Reached skill level 5 in Poison Magic
 12781 | Lair:1   | Slain by a spiny frog

Action                   |  1- 3 |  4- 6 |  7- 9 | 10-12 || total
-------------------------+-------+-------+-------+-------++-------
Melee: Dagger            |   106 |    81 |   386 |   105 ||   678
       Short sword       |     4 |       |    55 |       ||    59
       Unarmed           |       |       |     1 |       ||     1
Throw: Dart              |    54 |     6 |    15 |       ||    75
 Cast: Sting             |       |    16 |   209 |    56 ||   281
       Confusing Touch   |       |       |     1 |     1 ||     2
       Throw Flame       |       |       |    42 |    33 ||    75
       Olgreb's Toxic Ra |       |       |       |     1 ||     1
Evoke: Wand              |     2 |    13 |    30 |     9 ||    54
  Use: Scroll            |     4 |     2 |    12 |     1 ||    19
       Potion            |       |       |     6 |     1 ||     7
 Stab: Sleeping          |     8 |     9 |    17 |     8 ||    42
       Distracted        |     1 |       |       |     1 ||     2
       Confused          |       |       |     1 |       ||     1
